 Dungeon Crawl Stone Soup version 0.31-a0-152-g6aa68a64a1 (webtiles) character file.

Game seed: 1733004301201833052

174 qw the Shooter (level 5, -4/32 HPs)
             Began as a Gargoyle Hunter on June 10, 2023.
             Slain by a yak (5 damage)
             ... on level 6 of the Dungeon.
             The game lasted 00:00:47 (1633 turns).

qw the Shooter (Gargoyle Hunter)                    Turns: 1633, Time: 00:00:48

Health: -4/32      AC:  8    Str: 14    XL:     5   Next: 54%
Magic:  5/5        EV: 11    Int: 10    God:
Gold:   73         SH:  0    Dex: 15    Spells: 4/4 levels left

rFire   . . .        Y - +0 shortbow
rCold   . . .        (shield currently unavailable)
rNeg    + . .        c - +0 leather armour
rPois   inf          (no helmet)
rElec   +            f - +0 cloak
rCorr   .            (no gloves)
SInv    .            (no boots)
Will    .....        (no amulet)
Stlth   ++           (no ring)
HPRegen 0.25/turn    (no ring)
MPRegen 0.09/turn

%: no passive effects
@: no status effects
A: sickness immunity, AC +4, negative energy resistance 1, electricity
resistance, torment resistance 1, petrification resistance
a: no special abilities


You were on level 6 of the Dungeon.
You visited 1 branch of the dungeon, and saw 4 of its levels.

You collected 73 gold pieces.


Innate Abilities, Weirdness & Mutations

You are immune to sickness and miasma.
Your stone body is resilient. (AC +4)
You are immune to poison.
You resist negative energy. (rN+)
You are resistant to electric shocks. (rElec)
You are resistant to unholy torment.
You are immune to petrification.


   Skills:
 - Level 3.4 Fighting
 - Level 6.1 Ranged Weapons
 + Level 0.0 Armour
 - Level 1.5 Dodging
 - Level 1.1 Stealth


You had 4 spell levels left.
You didn't know any spells.
Your spell library was empty.

Inventory:

Hand Weapons
 Y - a +0 shortbow (weapon)
Armour
 c - a +0 leather armour (worn)
 f - a +0 cloak (worn)
 i - a +2 helmet
Wands
 g - a wand of digging (7)
Scrolls
 d - 2 scrolls of identify
 h - a scroll of brand weapon {unknown}
Potions
 a - a potion of haste {unknown}
 b - a potion of brilliance {unknown}
 e - a potion of heal wounds {unknown}

Dungeon Overview and Level Annotations

Branches:
Dungeon (3/15)

Altars:
Dithmenos
Nemelex Xobeh
Ru
Trog

Annotations:
D:1 1 transporter


Message History

You shoot an arrow. The arrow hits the yak!
The yak is moderately wounded.
The yak barely misses you.
You shoot an arrow.
The arrow hits the yak but does no damage.
The yak is lightly wounded.
The yak gores you!
You shoot an arrow. The arrow hits the yak.
The yak is moderately wounded.
The yak closely misses you.
You shoot an arrow.
The arrow hits the yak but does no damage.
The yak is moderately wounded.
The yak gores you.
You shoot an arrow. The arrow closely misses the yak.
The arrow hits the yak but does no damage.
The yak gores you but does no damage.
You shoot an arrow. The arrow closely misses the yak.
The arrow hits the yak.
The yak is lightly wounded.
The yak gores you.
You shoot an arrow.
The arrow hits the yak but does no damage.
The yak is moderately wounded.
The yak barely misses you.
You shoot an arrow. The arrow barely misses the yak.
The arrow hits the yak.
The yak is moderately wounded.
The yak gores you but does no damage. The yak barely misses you.
You shoot an arrow.
The arrow hits the yak but does no damage.
The yak is moderately wounded.
The yak gores you.
You shoot an arrow.
The arrow hits the yak but does no damage.
The yak is moderately wounded.
The yak gores you.
You shoot an arrow.
The arrow hits the yak but does no damage.
The yak is moderately wounded.
The yak gores you.
You die... ..... .... ##?.. #...# ## # .YY. ... .#. #YY

....
....###Y###....
#....#@#......
#.............
....###........
.# ##..........
#......##.##
#...###.# #
#...## .#
.....# ..
........ ...


You could see 5 yaks.

Vanquished Creatures
  A sleepcap (D:3)
  Jessica (D:2)
  Terence (D:2)
  5 adders
  3 dart slugs (D:2)
  4 endoplasms
  A giant cockroach (D:1)
  4 hobgoblins
  A quokka (D:1)
  8 ball pythons
  6 bats
  3 frilled lizards
  4 goblins
  4 kobolds
  7 rats
53 creatures vanquished.

Notes
Turn   | Place    | Note
-------+----------+-------------------------------------------
     0 | D:1      | qw the Gargoyle Hunter began the quest for the Orb.
     0 | D:1      | Reached XP level 1. HP: 12/12 MP: 1/1
     0 | D:1      | 0 ||| qw: Version: 0.2-a-29-g0080da8
     0 | D:1      | 0 ||| qw: Game counter: 3834
     0 | D:1      | 0 ||| qw: Always use a shield: true
     0 | D:1      | 0 ||| qw: God list: Okawaru
     0 | D:1      | 0 ||| qw: Allow faded altars: false
     0 | D:1      | 0 ||| qw: Do Orc after D:15 true
     0 | D:1      | 0 ||| qw: Do second Lair branch before Depths: true
     0 | D:1      | 0 ||| qw: Lair rune preference: random
     0 | D:1      | 0 ||| qw: Plans: Normal, Zot:1-4, Slime:5, God:TSO, Crypt,
                  | Tomb, Abyss, Pan, Hells, Win
     0 | D:1      | 0 ||| PLANNING D:1-11
    78 | D:1      | Reached XP level 2. HP: 7/17 MP: 2/2
    79 | D:1      | HP: 4/17 [frozen (2)]
   297 | D:1      | Found a faded altar of an unknown god.
   548 | D:1      | Reached XP level 3. HP: 21/21 MP: 3/3
   579 | D:1      | 579 ||| UPGRADING to +0 cloak.
   584 | D:1      | 584 ||| READING scroll labelled WIGGOK HUIMO.
   685 | D:1      | 685 ||| READING scroll labelled YVEQERCHEJO.
   686 | D:1      | 686 ||| DROPPING scroll of butterflies.
   728 | D:2      | Reached skill level 5 in Ranged Weapons
   828 | D:2      | Noticed Jessica
   829 | D:2      | Killed Jessica
   830 | D:2      | Reached skill level 3 in Fighting
   830 | D:2      | Reached XP level 4. HP: 28/28 MP: 4/4
   953 | D:2      | Noticed Terence
   972 | D:2      | Killed Terence
  1128 | D:2      | Reached XP level 5. HP: 32/32 MP: 5/5
  1528 | D:3      | Found a sparkling altar of Nemelex Xobeh.
  1528 | D:3      | Found a shadowy altar of Dithmenos.
  1528 | D:3      | Found a bloodstained altar of Trog.
  1529 | D:3      | Found a sacrificial altar of Ru.
  1588 | D:3      | Reached skill level 6 in Ranged Weapons
  1608 | D:3      | You fall into a shaft and drop 3 floors!
  1615 | D:6      | Noticed a yak
  1615 | D:6      | Noticed a yak
  1615 | D:6      | Noticed a yak
  1617 | D:6      | Noticed a yak
  1617 | D:6      | Noticed a yak
  1621 | D:6      | Noticed a yak
  1628 | D:6      | HP: 8/32 [yak (4)]
  1632 | D:6      | HP: 1/32 [yak (4)]
  1633 | D:6      | Slain by a yak

Levels and vault maps discovered:
D:1:      spicycebolla_arrival_risky_transporter, layout_rooms,
          chequers_ecumenical_altar_grove
D:2:      layout_loops_ring, uniq_jessica, uniq_terence
D:3:      layout_loops_ring, chequers_temple_overflow_statue_of_worship,
          lemuel_zombie_altar_kikubaaqudgha, chequers_serial_rivers_micro_b
D:6:      layout_cave_pools, ebering_ghost_sewer_f, serial_shops,
          kennysheep_mini, uniq_pikel

Skill      XL: |  1  2  3  4  5 |
---------------+----------------+-----
Ranged Weapons | 5 6 |  6.1
Fighting       | 3 |  3.4
Dodging        | |  1.5
Stealth        | |  1.1

Action                     |  1- 3 |  4- 6 || total
---------------------------+-------+-------++-------
   Fire: Shortbow          |   104 |   115 ||   219
    Use: Scroll            |     2 |       ||     2
 Armour: Leather armour    |    24 |    29 ||    53
  Dodge: Dodged            |    26 |    38 ||    64

Table legend:
 A = Non-vault XP
 B = Vault XP
 C = Vault XP percentage of total XP
 D = Non-vault monster count
 E = Vault monster count
 F = Vault count percentage of total count
                 A         B        C        D         E       F
            +---------+---------+-------+---------+---------+-------
      Total |     176 |      73 |  29.3 |      51 |       2 |   3.8
            +---------+---------+-------+---------+---------+-------
        D:1 |      34 |       0 |   0.0 |      23 |       0 |   0.0
        D:2 |      82 |      73 |  47.1 |      20 |       2 |   9.1
        D:3 |      60 |       0 |   0.0 |       8 |       0 |   0.0
            +---------+---------+-------+---------+---------+-------
